 Dungeon Crawl Stone Soup version bcrawl-1.39.1 (webtiles) character file.

Game seed: 10409289428658842552

18276446 Artagas the Slayer (level 27, 267/267 HPs)
             Began as a Minotaur Archaeologist on Oct 7, 2023.
             Was the Champion of Makhleb.
             Escaped with the Orb
             ... and 3 runes on Oct 8, 2023!
             The game lasted 02:18:21 (53485 turns).

Artagas the Slayer (Minotaur Archaeologist)        Turns: 53485, Time: 02:18:21

Health: 267/267    AC: 53    Str: 39    XL:     27
Magic:  37/37      EV:  7    Int: 11    God:    Makhleb [******]
Gold:   287        SH: 39    Dex: 13    Spells: 26/26 levels left

rFire    + + .     GDR:     41% u - +11 broad axe of Nemelex Xobeh's Whim {freeze, Str+5}
rCold    . . .     SeeInvis .   T - +8 large shield of the Morning Star {rElec Regen+}
rNeg     + + .     Gourm    .   O - +9 iron dragon scales
rPois    +         Faith    .   E - +1 hat "Nitinoe" {*Drain rElec rN+ Dex+4}
rElec    +         Spirit   .   M - +0 cloak of Undesirable Species {MR+ Str+2 Int+2}
rCorr    +         Reflect  +   U - +1 pair of gloves {Str+3}
MR       +++++     Clarity  +   b - +2 pair of boots
Stlth    ..........             C - amulet "Peuroxixzo" {Reflect MR++ SH+5}
HPRegen  0.94/turn              V - ring "Mavaeh" {rElec rF+ rN+ rCorr}
MPRegen  0.25/turn              f - ring of protection from fire

@: studying Unarmed Combat
A: retaliatory headbutt, horns 2, icy blue scales 1, clarity, dopey 1, poison
resistance, no potion heal 1, MP-powered wands
0: Orb of Zot
}: 3/15 runes: decaying, barnacled, silver
a: Minor Destruction, Hew, Major Destruction, Greater Servant of Makhleb,
Renounce Religion


You escaped.
You worshipped Makhleb.
Makhleb was exalted by your worship.
You were not hungry.

You visited 9 branches of the dungeon, and saw 40 of its levels.
You visited 1 ziggurat, and saw 8 of its levels.
You also visited: Ice Cave.

You collected 5035 gold pieces.
You spent 4748 gold pieces at shops.

Inventory:

Hand Weapons
 u - the +11 broad axe of Nemelex Xobeh's Whim (weapon) {freeze, Str+5}
   (You acquired it in an ice cave)

   It has been specially enchanted to freeze those struck by it, increasing
   damage dealt by approximately one third against foes not resistant or
   susceptible to cold, and potentially slowing cold-blooded foes.
   It affects your strength (+5).
 x - the +14 obsidian axe {chop, +Fly SInv *Curse}
   (You acquired it on level 1 of the Elven Halls)

   It will always inflict at least some extra damage.
   This minimum extra damage increases with your current reserve of magical
   power.
   It lets you see invisible.
   It lets you fly.
   It curses itself when equipped.
Missiles
 a - 2 throwing nets {=f}
 r - 742 poisoned tomahawks
 z - 22 steel javelins (quivered)
 K - 1525 javelins
Armour
 b - a +2 pair of boots (worn)
 E - the +1 hat "Nitinoe" (worn) {*Drain rElec rN+ Dex+4}
   (You acquired it on level 2 of the Vaults)

   It affects your dexterity (+4).
   It insulates you from electricity.
   It protects you from negative energy.
   It causes draining when unequipped.
 M - the +0 cloak of Undesirable Species (worn) {MR+ Str+2 Int+2}
   (You acquired it on level 2 of the Depths)

   It affects your strength (+2).
   It affects your intelligence (+2).
   It affects your resistance to hostile enchantments.
 O - +9 iron dragon scales (worn)
   (You found it on level 4 of the Depths)
 T - the +8 large shield of the Morning Star (worn) {rElec Regen+}
   (You acquired it on level 2 of the Vaults)

   It insulates you from electricity.
   It increases your rate of regeneration.
 U - a +1 pair of gloves of strength (worn)
   (You bought it in a shop on level 1 of the Elven Halls)
Jewellery
 c - an uncursed ring of protection from cold
   (You found it on level 3 of the Dungeon)
 f - a ring of protection from fire (right hand)
   (You found it on level 6 of the Lair of Beasts)
 i - an uncursed ring of see invisible
   (You found it on level 1 of the Depths)
 m - an uncursed ring of protection from magic
   (You found it on level 6 of the Lair of Beasts)
 o - an uncursed ring of poison resistance
   (You found it on level 1 of the Elven Halls)
 C - the amulet "Peuroxixzo" (around neck) {Reflect MR++ SH+5}
   (You acquired it on level 3 of the Dungeon)

   [amulet of reflection]

   It shields you and reflects attacks.
   It affects your resistance to hostile enchantments.
   It affects your SH (+5).
 V - the ring "Mavaeh" (left hand) {rElec rF+ rN+ rCorr}
   (You acquired it on level 5 of a ziggurat)

   [ring of resist corrosion]

   It protects you from fire.
   It insulates you from electricity.
   It protects you from negative energy.
   It provides partial protection from all sources of acid and corrosion.
Wands
 v - a wand of digging (11)
   (You found it on level 4 of the Lair of Beasts)
 H - a wand of paralysis (8)
   (You took it off a vampire mage on level 4 of the Depths)
 I - a wand of charming (41)
   (You found it on level 5 of the Lair of Beasts)
 N - a wand of iceblast (22)
   (You found it on level 1 of the Vaults)
 R - a wand of acid (22)
   (You found it on level 9 of the Dungeon)
Scrolls
 g - 2 scrolls of revelation
 j - 3 scrolls of immolation
 t - 14 scrolls of teleportation
 D - 12 scrolls of fog
 J - 3 scrolls of summoning
 Q - 2 scrolls of silence
 W - 3 scrolls of fear
 X - 28 scrolls of remove curse
Potions
 d - 3 potions of might
 h - a potion of haste
 k - 4 potions of lignification
 l - a potion of cancellation
 n - 2 potions of resistance
 p - 3 potions of berserk rage
 q - 16 potions of curing
 s - 3 potions of agility
 w - 2 potions of heal wounds
 B - 6 potions of flight
 F - 4 potions of invisibility
 P - 2 potions of ambrosia
 S - a potion of magic
 Y - 4 potions of mutation
Miscellaneous
 y - a lightning rod (4/4)
   (You found it on level 1 of the Vaults)
 G - 4 phantom mirrors
 L - a phial of floods
   (You found it on level 3 of the Shoals)
 Z - a sack of spiders
   (You found it in an ice cave)
Comestibles
 e - 54 rations {!d}


   Skills:
 + Level 25.6 Fighting
 - Level 18.5(19.0) Axes
   Level 8.0(14.4) Maces & Flails
 - Level 10.0 Throwing
 + Level 22.2 Armour
 - Level 10.0 Dodging
 - Level 2.6 Stealth
 + Level 20.8 Shields
 - Level 23.0 Invocations
 - Level 10.0 Evocations


You had 26 spell levels left.
You didn't know any spells.
Your spell library contained the following spells:

 Spells                   Type           Power        Failure   Level  Hunger
 Apportation              Tloc           #.....       100%        1    None
 Beastly Appendage        Tmut           #.....       100%        1    None
 Corona                   Hex            #......      100%        1    None
 Flame Tongue             Conj/Fire      #....        100%        1    None
 Freeze                   Ice            #.....       100%        1    None
 Infusion                 Chrm           #.......     100%        1    None
 Sandblast                Erth           #.....       100%        1    None
 Slow                     Hex            #.......     100%        1    None
 Static Discharge         Air            #.....       100%        1    None
 Summon Butterflies       Summ           #.......     100%        1    None
 Summon Small Mammal      Summ           #...         100%        1    None
 Call Imp                 Summ           #.....       100%        2    ####...
 Ensorcelled Hibernation  Hex/Ice        #.....       100%        2    ####...
 Flaming Arrows           Chrm/Fire      #.......     100%        2    ####...
 Passwall                 Tmut/Erth      #.......     100%        2    ####...
 Poisonous Vapours        Pois/Air       #.....       100%        2    ####...
 Shock                    Conj/Air       #......      100%        2    ####...
 Sticks to Snakes         Tmut           #.......     100%        2    ####...
 Swiftness                Chrm/Air       #.......     100%        2    ####...
 Throw Frost              Conj/Ice       #.....       100%        2    ####...
 Call Canine Familiar     Summ           #.......     100%        3    #####..
 Confuse                  Hex            #.......     100%        3    #####..
 Conjure Flame            Conj/Fire      #.......     100%        3    #####..
 Dazzling Orbs            Conj/Hex       #......      100%        3    #####..
 Inner Flame              Hex/Fire       N/A          100%        3    #####..
 Mephitic Cloud           Conj/Pois/Air  #.......     100%        3    #####..
 Ozocubu's Armour         Chrm/Ice       #.......     100%        3    #####..
 Spider Form              Tmut/Pois      #..          100%        3    #####..
 Stone Arrow              Conj/Erth      #.....       100%        3    #####..
 Tukima's Dance           Hex            #.......     100%        3    #####..
 Cause Fear               Hex            #.........   100%        4    ######.
 Ice Form                 Ice/Tmut       #.......     100%        4    ######.
 Lightning Bolt           Conj/Air       #.......     100%        4    ######.
 Petrify                  Tmut/Erth      #.........   100%        4    ######.
 Sticky Flame             Conj/Fire      #.......     100%        4    ######.
 Summon Ice Beast         Ice/Summ       #.......     100%        4    ######.
 Throw Icicle             Conj/Ice       #.......     100%        4    ######.
 Tree Form                Hex/Tmut       N/A          100%        4    ######.
 Blade Hands              Tmut           #.........   100%        5    #######
 Fireball                 Conj/Fire      #.........   100%        5    #######
 Freezing Cloud           Ice/Air        #.......     100%        5    #######
 Iskenderun's Battlesphe  Conj/Chrm      #.......     100%        5    #######
 Lee's Rapid Deconstruct  Erth           #.........   100%        5    #######
 Metabolic Englaciation   Hex/Ice        #.........   100%        5    #######
 Piercing Shot            Chrm           #.........   100%        5    #######
 Steam Barrier            Chrm/Fire      #.........   100%        5    #######
 Summon Lightning Spire   Summ/Air       #.......     100%        5    #######
 Bolt of Cold             Conj/Ice       #.........   100%        6    #######
 Borgnjor's Vile Clutch   Necr/Erth      #.........   100%        6    #######
 Conjure Ball Lightning   Conj/Air       #.........   100%        6    #######
 Darkness                 Hex            #.........   100%        6    #######
 Infestation              Hex/Tmut/Pois  #........    100%        6    #######
 Ozocubu's Refrigeration  Ice            #.........   100%        6    #######
 Simulacrum               Ice/Necr       #.......     100%        6    #######
 Statue Form              Tmut/Erth      #........    100%        6    #######
 Dragon Form              Tmut           #......      100%        7    #######
 Shadow Creatures         Summ           N/A          100%        7    #######
 Chain Lightning          Conj/Air       #.........   100%        8    #######
 Necromutation            Tmut/Necr      #.......     100%        8    #######
 Time Stop                Chrm/Tloc      N/A          100%        8    #######


Dungeon Overview and Level Annotations

Branches:
Dungeon (12/12)            Temple (0/1) D:7            Lair (6/6) D:7
  Swamp (3/3) Lair:4       Shoals (3/3) Lair:2        Slime (0/5) Orc
    Orc (1/1) D:10            Elf (2/3) Lair:6       Vaults (3/3) D:12
  Crypt (0/2) Vaults:2     Depths (5/5) D:12            Zot (5/5) Depths:5

Altars:
Ashenzari
Cheibriados
Fedhas
Gozag
Hepliaklqana
Kikubaaqudgha
Makhleb
Sif Muna
Uskayaw
Wu Jian
Xom
Yredelemnul
The Shining One
Jiyva

Shops:
D:4 (   D:6 :   D:7 *   D:8 [   D:11 %   Orc =*[(   Elf:1 ?:[:   Elf:2 (
Shoals:1 [   Shoals:3 *   Vaults:1 *   Vaults:2 ?   Zot:5 *   Depths:1 **}
Depths:4 !}=}

Portals:
Hell: Depths:1 Depths:2 Depths:3 Depths:4
Abyss: Depths:3 Depths:4 Depths:5
Pandemonium: Depths:3 Depths:4

Annotations:
D:7 1 runed translucent door, TheNamelessOne's ghost, novice OnEE
D:12 1 runed translucent door, kosoiffoigrumme1174's ghost, journeyman VSCK
Lair:1 exclusions: 2 hydras and 6 more exclusions
Lair:3 1 runed translucent door, kosoiffoigrumme1174's ghost, journeyman VSMo
Swamp:3 exclusion: 3 oklob plants
Shoals:2 1 runed translucent door, Wano's ghost, adept DrTm Orc exclusion: 2 oklob plants
Elf:1 4 runed doors
Vaults:1 3 runed translucent doors, Rhok's ghost, adept DrHu
Depths:2 1 runed door


Innate Abilities, Weirdness & Mutations

You reflexively headbutt those who attack you in melee.
You have a pair of horns on your head.
You are partially covered in icy blue scales. (AC +2)
You possess an exceptional clarity of mind.
You are dopey. (Int -2)
Your system is resistant to poisons. (rPois)
Potions are less effective at restoring your health.
You expend magic power (3 MP) to strengthen your wands.


Message History

You miss the red devil. You headbutt the red devil!
The red devil is heavily wounded.
The red devil hops backward while attacking.
You block the red devil's attack.
The red devil hops backward while attacking.
You block the red devil's attack.
You slash the red devil! You freeze the red devil. You headbutt the red devil.
You kill the red devil!
Makhleb accepts your kill.
You see here a +2 demon trident of draining.
(D) Dungeon (T) Temple (L) Lair (S) Swamp (A) Shoals (M) Slime Pits (O) Orcish Mines (E) Elven Halls (V) Vaults (C) Crypt (U) Depths (H) Hell (Z) Zot
Where to? (* - list waypoints, Enter - D:1 @ (x,y), ? - help)
There is a stone staircase leading up here.
You climb upwards.
There is a stone staircase leading down here.
An Ice Fiend comes into view.
The Ice Fiend roars!
Throwing (i - inventory. (/) - cycle)
z - 27 steel javelins (quivered)
Press: ? - help, Shift-Dir - straight line, f - Ice Fiend
Aim: an Ice Fiend You throw a steel javelin.
The steel javelin hits the Ice Fiend but does no damage.
The Ice Fiend calls on the powers of darkness!
Your body is wracked with pain!
Throwing (i - inventory. (/) - cycle)
z - 26 steel javelins (quivered)
Press: ? - help, Shift-Dir - straight line, f/p - Ice Fiend
Aim: an Ice Fiend You throw a steel javelin.
The steel javelin hits the Ice Fiend!!!
The Ice Fiend is heavily wounded.
You are feeling hungry.
The Ice Fiend gestures at you.
The bolt of cold hits you but does no damage.
Throwing (i - inventory. (/) - cycle)
z - 25 steel javelins (quivered)
Press: ? - help, Shift-Dir - straight line, f/p - Ice Fiend
Aim: an Ice Fiend (heavily wounded)
You throw a steel javelin. The steel javelin hits the Ice Fiend!!!
The Ice Fiend is almost dead.
You slash the Ice Fiend! You headbutt the Ice Fiend.
The Ice Fiend is almost dead.
You block the Ice Fiend's attack. x2
You slash the Ice Fiend!
You kill the Ice Fiend!
Makhleb accepts your kill.
You feel better.
(D) Dungeon (T) Temple (L) Lair (S) Swamp (A) Shoals (M) Slime Pits (O) Orcish Mines (E) Elven Halls (V) Vaults (C) Crypt (U) Depths (H) Hell (Z) Zot
Where to? (* - list waypoints, Enter - D:1 @ (x,y), ? - help)
A Hell Sentinel comes into view.
The Hell Sentinel roars!
Throwing (i - inventory. (/) - cycle)
z - 24 steel javelins (quivered)
Press: ? - help, Shift-Dir - straight line, f - Hell Sentinel
Aim: a Hell Sentinel You throw a steel javelin.
The steel javelin hits the Hell Sentinel.
The Hell Sentinel is lightly wounded.
The Hell Sentinel gestures at you.
The sphere of hellfire explodes!
The hellfire engulfs you!!!
You are too injured to fight recklessly!
You are too injured to fight recklessly!
Okay, then.
There is a stone staircase leading up here.
A rune on the stairs sparks and fizzles.
You climb upwards.
There is a stone staircase leading down here.
(D) Dungeon (T) Temple (L) Lair (S) Swamp (A) Shoals (M) Slime Pits (O) Orcish Mines (E) Elven Halls (V) Vaults (C) Crypt (U) Depths (H) Hell (Z) Zot
Where to? (* - list waypoints, Enter - D:1 @ (x,y), ? - help)
There is an open door here.
There is a stone staircase leading up here.
You climb upwards.
There is a stone staircase leading down here.
Things that are here:
a +0 leather armour; a +0 club; an orc skeleton You see here 110 arrows.
There is a stone staircase leading up here.
You climb upwards.
There is a stone staircase leading down here.
There is an empty arch of ancient stone here.
There is a staircase leading out of the dungeon here.
You start resting.
A green death comes into view.
Throwing (i - inventory. (/) - cycle)
z - 23 steel javelins (quivered)
Press: ? - help, Shift-Dir - straight line, f - green death
Aim: a green death You throw a steel javelin.
The steel javelin hits the green death!!!!
You kill the green death!
Makhleb accepts your kill.
You feel better.
No target in view!
You eat one of the 55 rations {!d}.
That ration really hit the spot!
The power of the Orb breaks the dimensional shunt like a soap bubble!
You have escaped!

...#..#........#.# #.#
...#..#........#.# #.#
......#........#.# #.#
......#........#.# #.#
###..)#........#.#############.##
#...'........+.#...........#...
#...#........###.⌠.⌠.⌠.⌠.⌠.####
##.....########.............###
####.....# #@.≈≈≈≈≈≈≈≈≈≈≈.∩..
.........########.............###
####...........###.⌠.⌠.⌠.⌠.⌠.##
#...........# #...........#
#...........# #############
####...........# #....>.........#
#.###.########## #.# #.#


There were no monsters in sight!

Vanquished Creatures
  2 juggernauts
  7 orbs of fire (Zot:5)
  An ancient lich (Zot:5)
  Xtahua (Vaults:3)
  3 Killer Klowns
  7 golden dragons
  Margery (Vaults:2)
  A curse toe (Zot:5)
  Saint Roka (Orc)
  A caustic shrike (Depths:4)
  Nikola (Elf:2)
  2 bone dragons
  5 electric golems
  3 rockslimes
  A Shadow Fiend (Zig:7)
  An Orb Demon (Zot:3)
  22 Orb Guardians
  5 tentacled monstrosities
  An Ice Fiend (D:4)
  A Hell Sentinel (Depths:3)
  3 liches
  2 titans
  Asterion (Vaults:1)
  2 quicksilver dragons
  An ancient champion (Vaults:2)
  3 death cobs
  An Executioner (D:12)
  2 ghouls (Swamp:3)
  6 sphinxes
  4 thorn hunters
  5 shadow dragons
  A draconian monk (Zot:3)
  Kirke (D:11)
  9 tengu reavers
  11 storm dragons
  A draconian knight (Zot:5)
  Donald (Shoals:3)
  An iron dragon (Depths:4)
  Ilsuiw (Shoals:1)
  8 frost giants
  2 orc warlords
  A ghost moth (Zig:8)
  2 war gargoyles (Vaults:3)
  3 deep elf sorcerers
  11 fire giants
  A hydra zombie (Swamp:3)
  4 draconian shifters
  An emperor scorpion (Zig:8)
  An angel (Zot:5)
  8 vault wardens
  3 draconian stormcallers
  An eye of devastation (shapeshifter) (Zig:2)
  10 ironheart preservers
  2 draconian annihilators
  4 eyes of devastation
  A spriggan defender (Depths:4)
  12 very ugly things
  21 stone giants
  A corrupter (Zig:3)
  2 draconian scorchers
  10 black draconians
  2 vampire knights
  4 green draconians
  A deep elf demonologist (Depths:3)
  7 spark wasps
  5 dire elephants
  A deep elf annihilator (Depths:5)
  9 red draconians
  2 yellow draconians
  4 purple draconians
  3 merfolk javelineers
  6 white draconians
  2 eidola (Zig:7)
  A green death (D:1)
  An ettin (shapeshifter) (Depths:5)
  4 deep elf death magi
  2 crystal guardians (Vaults:3)
  Azrael (Orc)
  16 ettins
  14 merfolk impalers
  2 quicksilver dragon zombies (Swamp:3)
  11 fire dragons
  15 yaktaur captains
  2 deep elf high priests
  13 hydras
  22 vault guards
  10 ice dragons
  7 rakshasas
  2 spriggan air magi (Depths:4)
  Psyche (D:10)
  4 catoblepae
  8 ghost crabs
  Erolcha (D:11)
  2 alligator snapping turtles
  4 two-headed ogres
  A shadow wraith (Zig:7)
  7 merfolk aquamancers
  3 ogre magi
  A spectral stone giant (Zig:7)
  3 merfolk avatars
  9 great orbs of eyes
  31 dancing weapons
  3 shambling mangroves (Swamp:3)
  A vampire mage (Depths:4)
  11 death yaks
  7 deep troll shamans
  2 tengu warriors
  14 alligators
  8 sea snakes
  3 satyrs
  7 spriggan berserkers
  5 deep troll earth magi
  2 orc high priests
  An ironheart beastmaster (Vaults:1)
  A sun demon (Zot:4)
  Nergalle (Orc)
  10 deep elf knights
  3 soul eaters
  A salamander mystic (Depths:5)
  12 centaur warriors
  16 deep trolls
  An iron troll (Depths:3)
  2 fire crabs (shapeshifter)
  19 hell knights
  A skeletal warrior (Vaults:2)
  3 anaconda zombies (Swamp:3)
  A swamp dragon (shapeshifter) (Depths:2)
  2 spriggan druids (Swamp:3)
  2 glowing orange brains (Depths:5)
  6 flayed ghosts
  2 anaconda skeletons (Swamp:3)
  11 deep elf archers
  An unseen horror (D:12)
  12 swamp dragons
  2 obsidian statues (Zig:4)
  A wolf spider zombie (D:12)
  A golden dragon skeleton (Depths:2)
  3 cyclopes
  4 phantasmal warriors
  12 ironheart convokers
  6 wizards
  6 harpies
  5 orc knights
  3 spectral hydras (Swamp:3)
  3 wolf spiders
  An orc sorcerer (Orc)
  12 manticores
  9 necromancers
  2 orb spiders (Zig:8)
  2 manticores (shapeshifter)
  5 fauns
  23 ugly things
  46 deep elf magi
  A mana viper (shapeshifter) (Depths:3)
  10 moths of wrath
  9 elephants
  A frost giant zombie (Depths:2)
  5 salamanders
  An iron dragon skeleton (Depths:2)
  15 will-o'-wisps
  11 vault sentinels
  8 merfolk sirens
  4 ice statues
  A rust devil (Depths:1)
  9 black mambas
  A black mamba (shapeshifter) (Vaults:1)
  A gargoyle (D:12)
  2 smoke demons
  13 cane toads
  2 torpor snails
  7 water nymphs
  2 jumping spiders
  4 rime drakes
  A hellion (Depths:4)
  24 yaktaurs
  2 tormentors
  A demonic crawler (Zig:6)
  6 freezing wraiths
  6 komodo dragons
  An anaconda simulacrum (IceCv)
  2 efreet
  2 hellwings (Depths:2)
  5 red devils
  A queen bee (shapeshifter) (Vaults:3)
  13 merfolk
  7 hornets
  Prince Ribbit (D:5)
  2 polar bears
  4 harpy skeletons (D:11)
  6 trolls
  8 tyrant leeches
  5 wind drakes
  40 slime creatures
  4 hippogriffs
  9 bog bodies
  A dream sheep (shapeshifter) (Vaults:1)
  Sigmund (D:5)
  13 blink frogs
  14 dream sheep
  A snapping turtle (shapeshifter) (Vaults:3)
  A stone giant simulacrum (Depths:2)
  3 meliai zombies
  2 air elementals
  14 snapping turtles
  Grum (D:8)
  A shadow (D:12)
  3 dire elephant simulacra (IceCv)
  23 water elementals
  3 wyverns
  3 hogs (D:11)
  4 basilisks
  43 yaks
  2 wraiths
  A steam dragon (D:5)
  4 fire elementals
  4 wargs
  A hungry ghost (D:6)
  2 chaos spawn
  A basilisk (shapeshifter) (Vaults:2)
  2 redbacks
  15 vampire mosquitoes
  2 harpy simulacra (IceCv)
  2 iron troll simulacra (IceCv)
  10 crocodiles
  2 acid dragons (D:12)
  14 swamp worms
  2 porcupines
  13 water moccasins
  7 hell hounds
  9 ice beasts
  A floating eye (Depths:3)
  13 swamp drakes
  28 orc warriors
  3 sky beasts
  A necrophage (D:9)
  16 ogres
  23 wolves
  10 boggarts
  A blink frog skeleton (D:10)
  4 kobold brigands
  11 bullfrogs
  3 earth elementals
  11 centaurs
  A wyvern skeleton (D:6)
  3 scorpions
  6 killer bees (D:11)
  10 wights
  An electric eel (Lair:4)
  6 howler monkeys
  14 orc priests
  A bullfrog zombie (D:6)
  14 crimson imps
  A quasit (D:12)
  2 jellies
  4 hounds
  2 iguanas
  24 orc wizards
  Ijyb (D:4)
  7 hell rats
  12 worker ants
  A human simulacrum (D:10)
  A hound skeleton (D:4)
  A mummy (D:8)
  A howler monkey zombie (D:3)
  3 gnolls (D:8)
  A worker ant zombie (D:9)
  9 adders
  A howler monkey skeleton (D:5)
  7 river rats (Lair:1)
  A shadow imp (D:7)
  An ooze (D:2)
  3 adder zombies
  5 adder skeletons
  A worm (D:3)
  3 dart slugs
  3 leopard geckos
  62 orcs
  4 giant cockroaches
  2 goblins
  7 hobgoblins
  20 jackals
  17 kobolds
  3 quokkas
  5 bats
  A kobold (shapeshifter) (Vaults:2)
  2 quokka zombies (D:3)
  3 rats
  A spectral hobgoblin (D:7)
  A fire vortex (Depths:2)
  4 fungi
  11 plants
1693 creatures vanquished.

Vanquished Creatures (collateral kills)
  2 orbs of fire (Zot:5)
  A pandemonium lord (Zig:3)
  2 Killer Klowns (Depths:4)
  2 golden dragons
  A caustic shrike (Depths:4)
  2 rockslimes
  An Orb Demon (Zot:5)
  2 tentacled monstrosities
  2 Orb Guardians (Zot:5)
  A lich (Vaults:3)
  A titan (Vaults:3)
  A frost giant (Vaults:3)
  A war gargoyle (Vaults:3)
  A draconian shifter (Zot:3)
  A draconian stormcaller (Zot:3)
  2 emperor scorpions
  2 stone giants
  2 ironheart preservers (Vaults:3)
  2 draconian annihilators
  2 very ugly things (Depths:5)
  A green draconian (Zot:3)
  A black draconian (Depths:5)
  A dire elephant (Vaults:3)
  A yellow draconian (Zot:3)
  2 white draconians
  A red draconian (Depths:5)
  An ettin (Depths:1)
  An entropy weaver (Zig:8)
  2 yaktaur captains (Vaults:3)
  A fire dragon (Depths:4)
  3 vault guards (Vaults:3)
  A spectral fire giant (Zig:7)
  A vampire mage (Depths:4)
  A deep troll earth mage (Depths:4)
  An orc high priest (Zig:4)
  An ironheart beastmaster (Vaults:3)
  A deep troll (Vaults:3)
  2 hell knights (Vaults:2)
  An orange crystal statue (Zig:8)
  A phantasmal warrior (Vaults:3)
  An ugly thing (Vaults:3)
  A moth of wrath (Zot:5)
  A salamander (Depths:5)
  3 vault sentinels (Vaults:3)
  3 ice statues (IceCv)
  A torpor snail (Zig:6)
  2 jumping spiders
  A demonic crawler (Zig:8)
  An anaconda simulacrum (IceCv)
  A yaktaur (Depths:4)
  3 slime creatures (Depths:1)
  2 fire elementals (Orc)
  A hell hound (Orc)
77 creatures vanquished.

Vanquished Creatures (others)
  An ancient lich (Zot:5)
  A draconian shifter (Zot:3)
  3 stone giants
  A white draconian (Zot:4)
  3 merfolk javelineers
  3 yaktaur captains
  A satyr (Shoals:3)
  2 centaur warriors
  A deep elf archer (Vaults:1)
  2 cyclopes (Shoals:2)
  A deep elf mage (Elf:1)
  2 fauns
  12 yaktaurs
  A red devil (Depths:2)
  A dream sheep (Shoals:2)
  A human simulacrum (D:10)
  2 orcs
  3 briar patches (Swamp:3)
  19 fungi
  32 plants
  4 toadstools (Swamp:2)
  3 withered plants
99 creatures vanquished.

Grand Total: 1869 creatures vanquished

Notes
Turn   | Place    | Note
-------+----------+-------------------------------------------
     0 | D:1      | Artagas the Minotaur Archaeologist began the quest for the
                  | Orb.
     0 | D:1      | Reached XP level 1. HP: 16/16 MP: 0/0
   287 | D:1      | Reached skill level 2 in Fighting
   287 | D:1      | Reached skill level 2 in Maces & Flails
   287 | D:1      | Reached XP level 2. HP: 18/24 MP: 1/1
  1194 | D:2      | Reached XP level 3. HP: 28/30 MP: 2/2
  1393 | D:2      | Found an opulent altar of Gozag.
  1526 | D:2      | Reached skill level 3 in Fighting
  1526 | D:2      | Reached skill level 3 in Maces & Flails
  1581 | D:2      | Reached XP level 4. HP: 26/38 MP: 3/3
  1869 | D:3      | Found a shimmering altar of Xom.
  1950 | D:3      | Found a burning altar of Makhleb.
  1950 | D:3      | Found an ornate altar of the Wu Jian Council.
  1974 | D:3      | Became a worshipper of Makhleb the Destroyer
  1995 | D:3      | Found a basalt altar of Yredelemnul.
  1999 | D:3      | Reached skill level 4 in Fighting
  1999 | D:3      | Reached skill level 4 in Maces & Flails
  2364 | D:3      | Reached XP level 5. HP: 46/47 MP: 4/4
  2364 | D:3      | Identified a scroll of acquirement
  2364 | D:3      | Identified the amulet "Peuroxixzo" {Reflect MR++ SH+5} (You
                  | acquired it on level 3 of the Dungeon)
  2726 | D:4      | Reached * piety under Makhleb
  2727 | D:4      | Reached skill level 5 in Fighting
  2736 | D:4      | Reached skill level 5 in Maces & Flails
  2736 | D:4      | Reached XP level 6. HP: 20/56 MP: 5/5
  2997 | D:4      | Found Guosiwkiapn's Weapon Boutique.
  3102 | D:4      | Noticed Ijyb
  3112 | D:4      | Killed Ijyb
  3373 | D:5      | Entered Level 5 of the Dungeon
  3413 | D:5      | Reached skill level 6 in Fighting
  3413 | D:5      | Reached skill level 6 in Maces & Flails
  3487 | D:5      | Found a shimmering blue altar of Sif Muna.
  3682 | D:5      | Reached XP level 7. HP: 39/64 MP: 6/6
  3979 | D:5      | Noticed Sigmund
  3988 | D:5      | Killed Sigmund
  3989 | D:5      | Reached skill level 7 in Fighting
  3989 | D:5      | Reached skill level 7 in Maces & Flails
  4008 | D:5      | Noticed Prince Ribbit
  4023 | D:5      | Killed Prince Ribbit
  4024 | D:5      | Reached skill level 8 in Fighting
  4024 | D:5      | Reached skill level 8 in Maces & Flails
  4024 | D:5      | Reached XP level 8. HP: 74/74 MP: 7/7
  4067 | D:5      | Reached skill level 1 in Armour
  4157 | D:5      | Found an ancient bone altar of Kikubaaqudgha.
  4557 | D:5      | Reached skill level 1 in Axes
  4558 | D:5      | Reached skill level 2 in Armour
  4580 | D:6      | Reached skill level 2 in Axes
  4695 | D:6      | Reached skill level 3 in Armour
  4823 | D:5      | HP: 10/74 [steam dragon (4)]
  4826 | D:5      | Reached skill level 3 in Axes
  4920 | D:6      | Reached skill level 4 in Armour
  4944 | D:6      | Reached skill level 4 in Axes
  5138 | D:6      | Reached skill level 5 in Axes
  5138 | D:6      | Reached skill level 5 in Armour
  5567 | D:6      | Reached skill level 6 in Axes
  5590 | D:6      | Reached XP level 9. HP: 79/81 MP: 8/8
  5689 | D:6      | Reached ** piety under Makhleb
  5690 | D:6      | Reached skill level 7 in Axes
  5749 | D:6      | Found Suuge's Book Emporium.
  5918 | D:6      | Found a blossoming altar of Fedhas.
  6016 | D:7      | Got a shimmering leather armour
  6028 | D:7      | Identified the +1 leather armour of Gestures {+Inv MR++
                  | Int+4 Dex-2} (You found it on level 7 of the Dungeon)
  6071 | D:7      | Noticed a troll
  6085 | D:7      | Killed a troll
  6086 | D:7      | Reached skill level 8 in Axes
  6193 | D:7      | Found a hazy altar of Hepliaklqana.
  6226 | D:7      | Found a staircase to the Ecumenical Temple.
  6515 | D:7      | Found a hide-covered altar of Uskayaw.
  6657 | D:7      | Found Vohenu's General Store.
  6662 | D:7      | Bought a potion of invisibility for 112 gold pieces
  6662 | D:7      | Bought a wand of paralysis (7) for 112 gold pieces
  6662 | D:7      | Bought a scroll of identify for 28 gold pieces
  6744 | D:7      | Found a runed translucent door.
  6744 | D:7      | Noticed TheNamelessOne's ghost (novice OnEE)
  6754 | D:7      | Reached skill level 1 in Invocations
  6788 | D:7      | Reached skill level 1 in Evocations
  7026 | D:7      | Found a staircase to the Lair.
  7037 | D:7      | Noticed a komodo dragon
  7077 | D:7      | Killed a komodo dragon
  7078 | D:7      | Reached skill level 9 in Axes
  7319 | D:7      | Found a glowing golden altar of the Shining One.
  7564 | Lair:1   | Entered Level 1 of the Lair of Beasts
  7584 | Lair:1   | Reached skill level 2 in Invocations
  7584 | Lair:1   | Reached skill level 2 in Evocations
  7742 | Lair:1   | Reached skill level 6 in Armour
  7759 | Lair:1   | Noticed a five-headed hydra
  7771 | Lair:1   | Noticed a rime drake
  7778 | Lair:1   | Noticed a black mamba
  7865 | Lair:1   | Killed a black mamba
  7866 | Lair:1   | Reached skill level 9 in Fighting
  7866 | Lair:1   | Reached skill level 3 in Invocations
  7866 | Lair:1   | Reached XP level 10. HP: 86/91 MP: 11/11
  7876 | Lair:1   | Killed a five-headed hydra
  7877 | Lair:1   | Reached skill level 3 in Evocations
  8079 | Lair:1   | Reached skill level 10 in Axes
  8079 | Lair:1   | Reached skill level 4 in Invocations
  8118 | Lair:1   | Noticed a black mamba
  8378 | Lair:1   | Noticed a black mamba
  8395 | Lair:1   | Killed a black mamba
  8396 | Lair:1   | Reached skill level 4 in Evocations
  8911 | Lair:1   | Noticed a seven-headed hydra
  8920 | Lair:1   | HP: 11/93 [seven-headed hydra (3)]
  9267 | Lair:2   | Reached skill level 10 in Fighting
  9309 | Lair:2   | Reached skill level 5 in Invocations
  9309 | Lair:2   | Noticed a manticore
  9795 | Lair:2   | HP: 13/93 [manticore (2)]
  9797 | Lair:2   | Killed a manticore
  9798 | Lair:2   | Reached skill level 11 in Axes
  9798 | Lair:2   | Reached skill level 5 in Evocations
  9937 | Lair:2   | Noticed a black mamba
  9947 | Lair:2   | Killed a black mamba
  9948 | Lair:2   | Reached XP level 11. HP: 99/99 MP: 12/14
 10054 | Lair:2   | Reached *** piety under Makhleb
 10219 | Lair:2   | Reached skill level 6 in Evocations
 10232 | Lair:2   | HP: 15/100 [blink frog (8)]
 10677 | Lair:2   | Found a staircase to the Shoals.
 11297 | D:8      | Reached skill level 11 in Fighting
 11317 | D:8      | Noticed Grum
 11578 | D:8      | Found a shattered altar of Ashenzari.
 11592 | D:8      | Killed Grum
 11667 | D:8      | Noticed a two-headed ogre
 11684 | D:8      | Noticed a two-headed ogre
 11693 | D:8      | Killed a two-headed ogre
 11694 | D:8      | Reached skill level 12 in Axes
 12125 | D:8      | Found a snail-covered altar of Cheibriados.
 12247 | D:8      | Reached skill level 7 in Armour
 12335 | D:8      | Found Dufroypp's Armour Emporium.
 12342 | D:8      | Bought a +0 medium shield for 54 gold pieces
 12642 | D:8      | Reached skill level 1 in Shields
 12697 | D:9      | Reached skill level 2 in Shields
 12743 | D:9      | Reached skill level 3 in Shields
 12948 | D:9      | Reached skill level 4 in Shields
 12951 | D:9      | Reached **** piety under Makhleb
 13269 | D:9      | Reached skill level 5 in Shields
 13601 | Lair:3   | Reached skill level 6 in Shields
 13785 | Lair:3   | Reached skill level 7 in Shields
 13828 | Lair:3   | Reached skill level 8 in Shields
 13828 | Lair:3   | Reached XP level 12. HP: 86/109 MP: 15/15
 13922 | Lair:3   | Noticed a seven-headed hydra
 13932 | Lair:3   | Killed a seven-headed hydra
 14049 | Lair:3   | Found a runed translucent door.
 14112 | Lair:3   | Found a shimmering altar of Xom.
 14112 | Lair:3   | Noticed kosoiffoigrumme1174's ghost (journeyman VSMo)
 14297 | Lair:3   | Reached skill level 13 in Axes
 14429 | Lair:3   | Noticed a five-headed hydra
 14442 | Lair:3   | Killed a five-headed hydra
 14776 | Lair:4   | Reached skill level 6 in Invocations
 14883 | Lair:4   | Noticed a four-headed hydra
 14895 | Lair:4   | Killed a four-headed hydra
 14934 | Lair:3   | Reached skill level 7 in Invocations
 15212 | Lair:4   | Reached skill level 8 in Invocations
 15724 | Lair:4   | Reached skill level 12 in Fighting
 15972 | Lair:4   | Found a staircase to the Swamp.
 16179 | Lair:4   | Reached skill level 8 in Armour
 16714 | Lair:5   | Noticed a seven-headed hydra
 16736 | Lair:5   | HP: 14/111 [seven-headed hydra (12)]
 16743 | Lair:5   | Noticed an alligator
 16754 | Lair:5   | Killed an alligator
 16755 | Lair:5   | Reached skill level 9 in Armour
 16898 | Lair:5   | Reached ***** piety under Makhleb
 17082 | Lair:5   | Reached XP level 13. HP: 90/118 MP: 18/18
 17414 | Lair:5   | Reached skill level 13 in Fighting
 17888 | Lair:6   | Entered Level 6 of the Lair of Beasts
 17888 | Lair:6   | Found a staircase to the Elven Halls.
 18116 | Lair:6   | Reached skill level 14 in Fighting
 18584 | Lair:6   | Reached skill level 10 in Armour
 19008 | Lair:6   | Reached skill level 14 in Axes
 19642 | Lair:6   | Reached skill level 15 in Axes
 20344 | D:7      | Reached XP level 14. HP: 111/133 MP: 19/19
 20496 | D:10     | Entered Level 10 of the Dungeon
 20866 | D:10     | Found a staircase to the Orcish Mines.
 20895 | D:10     | Reached skill level 15 in Fighting
 21012 | D:10     | Noticed Psyche
 21020 | D:10     | Killed Psyche
 21602 | D:11     | Noticed Erolcha
 21611 | D:11     | Killed Erolcha
 21897 | D:11     | Found Naityupp's Food Boutique.
 21907 | D:11     | Reached skill level 16 in Fighting
 22207 | D:11     | Reached skill level 4 in Dodging
 22316 | D:11     | Noticed Kirke
 22330 | D:11     | Killed Kirke
 22339 | D:11     | Reached ****** piety under Makhleb
 22718 | D:12     | Entered Level 12 of the Dungeon
 22719 | D:12     | Found a glowing golden altar of the Shining One.
 22853 | D:12     | Reached skill level 9 in Shields
 22872 | D:12     | Reached skill level 5 in Dodging
 23782 | D:12     | Reached skill level 11 in Armour
 23942 | D:12     | Got a fading spear
 23961 | D:12     | Found a staircase to the Depths.
 24003 | D:12     | Reached skill level 6 in Dodging
 24120 | D:12     | Found a runed translucent door.
 24120 | D:12     | Noticed kosoiffoigrumme1174's ghost (journeyman VSCK)
 24151 | D:12     | Reached skill level 10 in Shields
 24236 | D:12     | Reached skill level 7 in Dodging
 24508 | D:12     | Found a gate to the Vaults.
 24881 | Orc      | Entered the Orcish Mines
 25031 | D:10     | Reached XP level 15. HP: 77/144 MP: 20/20
 25203 | Orc      | Noticed Nergalle
 25225 | Orc      | Killed Nergalle
 25240 | Orc      | Noticed Saint Roka
 25274 | Orc      | Killed Saint Roka
 25279 | Orc      | Found a roughly hewn altar of Beogh.
 25293 | Orc      | Found Dolik's Antique Weapon Shop.
 25308 | Orc      | Noticed Azrael
 25363 | Orc      | Killed Azrael
 25460 | Orc      | Found a staircase to the Slime Pits.
 25464 | Orc      | Found a viscous altar of Jiyva.
 25526 | Orc      | Found Peniza's Jewellery Shop.
 25630 | Orc      | Found Xaepievu's General Store.
 25638 | Orc      | Bought a scroll of fog for 28 gold pieces
 25665 | Orc      | Found Sovveoga's Antique Armour Shop.
 26031 | Orc      | Bought a pair of embroidered boots for 150 gold pieces
 26375 | D:4      | Bought the +8 flail of Vanity {vamp, Str+2} for 863 gold
                  | pieces
 26504 | Shoals:1 | Entered Level 1 of the Shoals
 26694 | Shoals:1 | Reached skill level 11 in Shields
 26741 | Shoals:1 | Reached skill level 9 in Invocations
 26783 | Shoals:1 | Reached skill level 16 in Axes
 26938 | Shoals:1 | Reached skill level 12 in Armour
 27012 | Shoals:1 | Found Voyly's Antique Armour Boutique.
 27998 | Shoals:2 | Noticed Ilsuiw
 28516 | Shoals:1 | Reached skill level 17 in Fighting
 28633 | Shoals:1 | Reached XP level 16. HP: 141/155 MP: 22/22
 28668 | Shoals:1 | Killed Ilsuiw
 28810 | Shoals:2 | Found a runed translucent door.
 28811 | Shoals:2 | Noticed Wano's ghost (adept DrTm)
 28926 | Shoals:2 | Reached skill level 12 in Shields
 29277 | Shoals:2 | Reached skill level 10 in Invocations
 29345 | Shoals:3 | Entered Level 3 of the Shoals
 29402 | Shoals:3 | Noticed Donald
 29414 | Shoals:3 | HP: 23/155 [water nymph/the raging water (20)]
 29504 | Shoals:3 | Found Wot Ryhi's Assorted Antiques.
 29518 | Shoals:3 | Reached skill level 13 in Armour
 29519 | Shoals:3 | Bought a potion of curing for 65 gold pieces
 29537 | Shoals:3 | Found a frozen archway.
 29568 | IceCv    | Entered an ice cave
 30075 | IceCv    | Identified the +11 broad axe of Nemelex Xobeh's Whim
                  | {freeze, Str+5} (You acquired it in an ice cave)
 30075 | IceCv    | Identified the +2 pair of gloves of Ozxif {-Cast MR+ Int+5
                  | SInv} (You acquired it in an ice cave)
 30178 | Shoals:3 | Reached skill level 17 in Axes
 30255 | Shoals:3 | Reached skill level 13 in Shields
 30517 | Shoals:3 | Reached skill level 18 in Fighting
 30844 | Shoals:3 | Killed Donald
 31252 | Shoals:3 | Got a barnacled rune of Zot
 31329 | Lair:1   | Reached skill level 11 in Invocations
 31472 | Vaults:1 | Entered Level 1 of the Vaults
 31535 | Vaults:1 | Noticed Asterion
 31551 | Vaults:1 | Killed Asterion
 31643 | Vaults:1 | Noticed a sphinx
 31647 | Vaults:1 | Reached XP level 17. HP: 133/163 MP: 24/24
 31653 | Vaults:1 | Reached skill level 12 in Invocations
 31772 | Vaults:1 | Reached skill level 13 in Invocations
 31849 | Vaults:1 | Found a runed translucent gate.
 31849 | Vaults:1 | Found a runed translucent gate.
 31849 | Vaults:1 | Found a runed translucent gate.
 31850 | Vaults:1 | Noticed Rhok's ghost (adept DrHu)
 31850 | Vaults:1 | Noticed a deep elf blademaster
 32030 | Vaults:1 | Found Qaoquum's General Store.
 32497 | Vaults:1 | Reached skill level 8 in Dodging
 32815 | Vaults:1 | Reached skill level 19 in Fighting
 33148 | Vaults:1 | Identified the cursed -8 robe "Kaah" {+Inv rElec rPois
                  | Str-4 Dex-2}
 33260 | Vaults:2 | Noticed Margery
 33289 | Vaults:2 | HP: 21/168 [Margery/+5 demon trident (6)]
 33306 | Vaults:2 | HP: 20/168 [hell beast[Margery] (11)]
 33743 | Vaults:2 | Found Zuocau's Magic Scroll Shoppe.
 33758 | Vaults:2 | Bought a scroll of teleportation for 42 gold pieces
 33758 | Vaults:2 | Bought a scroll of teleportation for 42 gold pieces
 34115 | Vaults:2 | Reached XP level 18. HP: 176/176 MP: 26/26
 34341 | Vaults:2 | Reached skill level 14 in Shields
 34350 | Vaults:2 | Reached skill level 14 in Armour
 34386 | Vaults:2 | Reached skill level 9 in Dodging
 34392 | Vaults:2 | Killed Margery
 34520 | Vaults:2 | Found a staircase to the Crypt.
 35076 | Vaults:2 | Identified the +8 large shield of the Morning Star {rElec
                  | Regen+} (You acquired it on level 2 of the Vaults)
 35076 | Vaults:2 | Identified the amulet of the Princess {Faith rElec Str+9
                  | Dex-2 Stlth-} (You acquired it on level 2 of the Vaults)
 35088 | Vaults:2 | Identified the +1 hat "Nitinoe" {*Drain rElec rN+ Dex+4}
                  | (You acquired it on level 2 of the Vaults)
 35393 | Elf:1    | Entered Level 1 of the Elven Halls
 35393 | Elf:1    | Found a runed gate.
 35393 | Elf:1    | Found a runed gate.
 35393 | Elf:1    | Found a runed gate.
 35393 | Elf:1    | Found a runed gate.
 35393 | Elf:1    | Found a runed gate.
 35393 | Elf:1    | Found a runed gate.
 35395 | Elf:1    | Found a runed door.
 35584 | Elf:1    | Found Ytsagg's Magic Scroll Shop.
 35586 | Elf:1    | Found Geypuweo's Armour Boutique.
 35586 | Elf:1    | Found Icinle's Book Shop.
 35598 | Elf:1    | Found Ukhloakh's Book Boutique.
 35603 | Elf:1    | Reached skill level 20 in Fighting
 35625 | Elf:1    | Bought a +1 pair of gloves of strength for 214 gold pieces
 35639 | Elf:1    | Bought a scroll of blinking for 112 gold pieces
 35639 | Elf:1    | Bought a scroll of fog for 30 gold pieces
 35639 | Elf:1    | Bought a scroll of fog for 30 gold pieces
 35686 | Elf:1    | Reached skill level 1 in Throwing
 36185 | Elf:1    | Reached skill level 2 in Throwing
 36261 | Elf:1    | Reached skill level 10 in Dodging
 36387 | Elf:1    | Found a runed door.
 36396 | Elf:1    | Reached skill level 3 in Throwing
 36532 | Elf:2    | Noticed Nikola
 36548 | Elf:2    | Killed Nikola
 36667 | Elf:2    | Found Erphaupuo's Weapon Emporium.
 36717 | Elf:2    | Reached skill level 15 in Shields
 36764 | Elf:2    | Reached skill level 15 in Armour
 36954 | Elf:2    | Found a runed gate.
 36966 | Elf:2    | Reached skill level 4 in Throwing
 36978 | Elf:2    | Found a runed gate.
 36978 | Elf:2    | Found a runed gate.
 37080 | Elf:2    | Reached skill level 5 in Throwing
 37289 | Elf:2    | Reached skill level 6 in Throwing
 37320 | Elf:2    | Reached skill level 7 in Throwing
 37320 | Elf:2    | Reached XP level 19. HP: 153/185 MP: 27/27
 37412 | Elf:2    | Reached skill level 8 in Throwing
 37784 | Swamp:1  | Entered Level 1 of the Swamp
 39374 | Swamp:3  | Entered Level 3 of the Swamp
 39475 | Swamp:3  | Reached skill level 16 in Shields
 39732 | Swamp:3  | Reached skill level 14 in Invocations
 39836 | Swamp:3  | Found a blossoming altar of Fedhas.
 39841 | Swamp:3  | Reached skill level 17 in Shields
 39857 | Swamp:3  | Reached skill level 15 in Invocations
 39871 | Swamp:3  | Noticed a bone dragon
 39895 | Swamp:3  | Killed a bone dragon
 39911 | Swamp:3  | Found a basalt altar of Yredelemnul.
 39924 | Swamp:3  | Got a decaying rune of Zot
 40193 | Swamp:3  | Reached XP level 20. HP: 189/193 MP: 30/30
 40742 | Depths:1 | Entered Level 1 of the Depths
 40799 | Depths:1 | Found Risuot Tonn's Gadget Emporium.
 40799 | Depths:1 | Found Eriehuucw's Assorted Antiques.
 40803 | Depths:1 | Found Ytual's General Store.
 40810 | Depths:1 | Bought a potion of heal wounds for 145 gold pieces
 40909 | Depths:1 | Noticed a rockslime
 40921 | Depths:1 | Killed a rockslime
 41052 | Depths:1 | Reached skill level 16 in Invocations
 41111 | Depths:1 | Found a gateway to Hell.
 42352 | Depths:2 | Reached skill level 17 in Invocations
 42423 | Depths:2 | Found a runed door.
 42654 | Depths:2 | Reached skill level 9 in Throwing
 42684 | Depths:2 | Identified the +6 broad axe of Giqorhat {freeze, *Noise
                  | rPois Dex+5 SInv} (You acquired it on level 2 of the
                  | Depths)
 42684 | Depths:2 | Identified the +0 cloak of Undesirable Species {MR+ Str+2
                  | Int+2} (You acquired it on level 2 of the Depths)
 42684 | Depths:2 | Identified the ring "Egees" {rElec rN+ Int+3} (You acquired
                  | it on level 2 of the Depths)
 42798 | Depths:2 | Reached skill level 10 in Throwing
 43629 | Depths:3 | Reached skill level 18 in Invocations
 43655 | Depths:3 | Noticed a juggernaut
 43669 | Depths:3 | Killed a juggernaut
 43702 | Depths:3 | Reached XP level 21. HP: 201/201 MP: 33/33
 43766 | Depths:3 | Noticed a rockslime
 43777 | Depths:3 | Killed a rockslime
 43811 | Depths:3 | Reached skill level 19 in Invocations
 43870 | Depths:3 | Found a one-way gate leading to the halls of Pandemonium.
 44452 | Depths:3 | Found a one-way gate to the infinite horrors of the Abyss.
 45149 | Depths:4 | Noticed a golden dragon
 45152 | Depths:4 | Noticed a Killer Klown
 45157 | Depths:4 | Killed a golden dragon
 45163 | Depths:4 | Killed a Killer Klown
 45163 | Depths:4 | Noticed a Killer Klown
 45164 | Depths:4 | Reached skill level 20 in Invocations
 45169 | Depths:4 | Killed a Killer Klown
 45181 | Depths:4 | Identified the +2 robe "Huativ" {rF++ MR- Dex-5 Slay+5}
 45185 | Depths:4 | Noticed a caustic shrike
 45190 | Depths:4 | Noticed a rockslime
 45191 | Depths:4 | Noticed a golden dragon
 45281 | Depths:3 | Reached XP level 22. HP: 209/209 MP: 35/35
 45292 | Depths:4 | Killed a caustic shrike
 45305 | Depths:4 | Reached skill level 21 in Invocations
 45318 | Depths:4 | Killed a golden dragon
 45349 | Depths:4 | Noticed a golden dragon
 45365 | Depths:4 | Killed a golden dragon
 45366 | Depths:4 | Reached XP level 23. HP: 198/218 MP: 36/36
 45833 | Elf:1    | Bought a scroll of acquirement for 780 gold pieces
 45833 | Elf:1    | Bought a scroll of teleportation for 45 gold pieces
 45833 | Elf:1    | Bought a scroll of enchant armour for 112 gold pieces
 45833 | Elf:1    | Identified the +2 hat of the Lion {rElec Str+4 Slay+3} (You
                  | acquired it on level 1 of the Elven Halls)
 45833 | Elf:1    | Identified the amulet "Lufufitt" {Gourm rF+ Dex+2} (You
                  | acquired it on level 1 of the Elven Halls)
 45834 | Elf:1    | Found the +14 obsidian axe {chop, +Fly SInv *Curse}
 46196 | Depths:4 | Noticed a caustic shrike
 46202 | Depths:4 | Reached skill level 21 in Fighting
 46212 | Depths:4 | Killed a caustic shrike
 46248 | Depths:4 | Found Banafad's Distillery.
 46270 | Depths:4 | Bought a potion of heal wounds for 105 gold pieces
 46315 | Depths:4 | Found a gateway to a ziggurat.
 46476 | Depths:4 | Found Eheidatz's Jewellery Boutique.
 46477 | Depths:4 | Found Boanuz's Gadget Emporium.
 46477 | Depths:4 | Found Aguyh's Gadget Emporium.
 46669 | Depths:4 | Identified the +5 mace "Worm's Wrath" {crush, Int+6}
 47401 | Vaults:3 | Entered Level 3 of the Vaults
 47441 | Vaults:3 | Reached skill level 18 in Axes
 47444 | Vaults:3 | Noticed a golden dragon
 47474 | Vaults:3 | Killed a golden dragon
 47501 | Vaults:3 | Identified the ring of Oradarr {Ice rElec}
 47509 | Vaults:3 | Reached skill level 16 in Armour
 47510 | Vaults:3 | Noticed a golden dragon
 47521 | Vaults:3 | Noticed a golden dragon
 47642 | Vaults:3 | Identified the amulet of Lucidity {Inacc Dex+3}
 47696 | Vaults:3 | Killed a golden dragon
 47751 | Vaults:3 | Reached skill level 22 in Fighting
 47798 | Vaults:3 | Identified the +11 dagger "Vecapt" {elec, rPois Dex-3 SInv}
 47817 | Vaults:3 | Killed a golden dragon
 47880 | Vaults:3 | Reached XP level 24. HP: 192/231 MP: 36/36
 48000 | Vaults:3 | Identified the +9 hunting sling of Ceentosa {velocity,
                  | SInv}
 48053 | Vaults:3 | Got a silver rune of Zot
 48118 | Vaults:3 | Reached skill level 17 in Armour
 48168 | Vaults:3 | Noticed Xtahua
 48179 | Vaults:3 | Killed Xtahua
 48180 | Vaults:3 | Reached skill level 22 in Invocations
 48558 | Vaults:3 | Identified the +10 hunting sling "Ewiurer" {freeze, +Inv
                  | rN+ Str+4 Dex-5}
 48990 | Vaults:3 | Identified the cursed +1 leather armour of Wu Jian's Pride
                  | {+Fly Str+6 Stlth-}
 49244 | Depths:1 | Bought a scroll of enchant armour for 217 gold pieces
 49244 | Depths:1 | Bought a potion of curing for 72 gold pieces
 49244 | Depths:1 | Bought a scroll of teleportation for 87 gold pieces
 49244 | Depths:1 | Bought 2 potions of invisibility for 464 gold pieces
 49398 | Zig:1    | Entered Level 1 of a ziggurat
 49419 | Zig:2    | Entered Level 2 of a ziggurat
 49419 | Zig:2    | Noticed a Killer Klown
 49436 | Zig:2    | Killed a Killer Klown
 49449 | Zig:3    | Entered Level 3 of a ziggurat
 49449 | Zig:3    | Noticed Kemeinam the pandemonium lord
 49460 | Zig:3    | Killed Kemeinam the pandemonium lord
 49480 | Zig:4    | Entered Level 4 of a ziggurat
 49480 | Zig:4    | Noticed a juggernaut
 49496 | Zig:4    | Killed a juggernaut
 49558 | Zig:5    | Entered Level 5 of a ziggurat
 49587 | Zig:5    | Identified the ring "Mavaeh" {rElec rF+ rN+ rCorr} (You
                  | acquired it on level 5 of a ziggurat)
 49596 | Zig:6    | Entered Level 6 of a ziggurat
 49636 | Zig:7    | Entered Level 7 of a ziggurat
 49674 | Zig:7    | Reached skill level 18 in Armour
 49712 | Zig:7    | Reached skill level 23 in Fighting
 49712 | Zig:7    | Reached XP level 25. HP: 243/243 MP: 37/37
 49724 | Zig:8    | Entered Level 8 of a ziggurat
 49892 | Depths:5 | Entered Level 5 of the Depths
 50173 | Depths:5 | Reached skill level 19 in Armour
 50180 | Depths:5 | Reached skill level 23 in Invocations
 50384 | Depths:5 | Found a gate to the Realm of Zot.
 50397 | Depths:5 | Reached XP level 26. HP: 251/251 MP: 37/37
 50889 | Depths:4 | Bought a potion of resistance for 210 gold pieces
 50889 | Depths:4 | Bought a potion of cancellation for 105 gold pieces
 50889 | Depths:4 | Bought a potion of curing for 52 gold pieces
 50889 | Depths:4 | Bought a potion of agility for 84 gold pieces
 50889 | Depths:4 | Bought a potion of curing for 52 gold pieces
 50889 | Depths:4 | Bought a potion of invisibility for 168 gold pieces
 50889 | Depths:4 | Bought a potion of invisibility for 168 gold pieces
 50956 | Zot:1    | Entered Level 1 of the Realm of Zot
 51028 | Zot:2    | Reached skill level 7 in Evocations
 51047 | Zot:2    | Noticed a golden dragon
 51057 | Zot:2    | Killed a golden dragon
 51129 | Zot:2    | Noticed a Killer Klown
 51136 | Zot:2    | Killed a Killer Klown
 51214 | Zot:3    | Noticed a golden dragon
 51369 | Zot:3    | Killed a golden dragon
 51407 | Zot:3    | Reached skill level 8 in Evocations
 51564 | Zot:3    | Reached skill level 18 in Shields
 51762 | Zot:4    | Reached skill level 20 in Armour
 51863 | Zot:5    | Entered Level 5 of the Realm of Zot
 51863 | Zot:5    | Found Uguffekk's Changing Room.
 51908 | Zot:5    | Noticed a golden dragon
 51919 | Zot:5    | Killed a golden dragon
 51990 | Zot:5    | Noticed an ancient lich
 52002 | Zot:5    | Killed an ancient lich
 52003 | Zot:5    | Reached skill level 24 in Fighting
 52003 | Zot:5    | Reached skill level 9 in Evocations
 52186 | Zot:5    | Noticed an orb of fire
 52192 | Zot:5    | Gained mutation: Potions are less effective at restoring
                  | your health. [an orb of fire]
 52193 | Zot:5    | Gained mutation: Your body sometimes deteriorates upon
                  | taking damage. [an orb of fire]
 52203 | Zot:5    | Killed an orb of fire
 52204 | Zot:5    | Reached XP level 27. HP: 166/261 MP: 37/37
 52281 | Zot:5    | Noticed an orb of fire
 52295 | Zot:5    | Gained mutation: You tend to lose your temper in combat.
                  | [an orb of fire]
 52296 | Zot:5    | Killed an orb of fire
 52297 | Zot:5    | Reached skill level 19 in Shields
 52324 | Zot:5    | Reached skill level 10 in Evocations
 52433 | Zot:5    | Noticed an orb of fire
 52434 | Zot:5    | Gained mutation: Your magical capacity is low. (-10% MP)
                  | [an orb of fire]
 52443 | Zot:5    | Killed an orb of fire
 52470 | Zot:5    | Noticed an ancient lich
 52479 | Zot:5    | Killed an ancient lich
 52489 | Zot:5    | Reached skill level 21 in Armour
 52501 | Zot:5    | Lost mutation: Your magical capacity is low. (-10% MP)
                  | [potion of mutation]
 52501 | Zot:5    | Lost mutation: You tend to lose your temper in combat.
                  | [potion of mutation]
 52501 | Zot:5    | Gained mutation: You have sharp toenails. [potion of
                  | mutation]
 52501 | Zot:5    | Gained mutation: You are partially covered in icy blue
                  | scales. (AC +2) [potion of mutation]
 52535 | Zot:5    | Noticed an orb of fire
 52539 | Zot:5    | Gained mutation: You expend magic power (3 MP) to
                  | strengthen your wands. [an orb of fire]
 52541 | Zot:5    | Noticed an orb of fire
 52543 | Zot:5    | Killed an orb of fire
 52550 | Zot:5    | Killed an orb of fire
 52558 | Zot:5    | Noticed an orb of fire
 52567 | Zot:5    | Gained mutation: You are frail. (-10% HP) [an orb of fire]
 52574 | Zot:5    | Killed an orb of fire
 52627 | Zot:5    | Noticed an orb of fire
 52636 | Zot:5    | Gained mutation: You are very frail. (-20% HP) [an orb of
                  | fire]
 52636 | Zot:5    | Gained mutation: You are dopey. (Int -2) [an orb of fire]
 52637 | Zot:5    | Noticed an orb of fire
 52640 | Zot:5    | Killed an orb of fire
 52641 | Zot:5    | Reached skill level 25 in Fighting
 52641 | Zot:5    | Reached skill level 20 in Shields
 52648 | Zot:5    | Gained mutation: You are clumsy. (Dex -2) [an orb of fire]
 52650 | Zot:5    | Killed an orb of fire
 52775 | Zot:5    | Got the Orb of Zot
 52796 | Zot:5    | Reached skill level 22 in Armour
 52849 | Zot:5    | Noticed an orb of fire
 52859 | Zot:5    | Killed an orb of fire
 52886 | Zot:4    | Lost mutation: You are clumsy. (Dex -2) [potion of
                  | mutation]
 52886 | Zot:4    | Lost mutation: You have sharp toenails. [potion of
                  | mutation]
 52886 | Zot:4    | Gained mutation: Your system is resistant to poisons.
                  | (rPois) [potion of mutation]
 52887 | Zot:4    | Lost mutation: Your body sometimes deteriorates upon taking
                  | damage. [potion of mutation]
 52887 | Zot:4    | Lost mutation: You are very frail. (-20% HP) [potion of
                  | mutation]
 52887 | Zot:4    | Lost mutation: You are frail. (-10% HP) [potion of
                  | mutation]
 52887 | Zot:4    | Gained mutation: You possess an exceptional clarity of
                  | mind. [potion of mutation]
 53485 | D:$      | Escaped with the Orb!

Skill      XL: |  1  2  3  4  5  6  7  8  9 10 11 12 13 14 15 16 17 18 19 20 21 22 23 24 25 26 27 |
---------------+----------------------------------------------------------------------------------+-----
Fighting       | 2 3 4 5 6 8 9 10 11 12 14 16 17 18 19 20 22 23 24 25 | 25.6
Maces & Flails | 2 3 4 5 6 8 |  8.0
Armour         | 5 6 7 9 10 11 12 13 15 16 18 19 20 22 | 22.2
Axes           | 6 9 11 12 13 15 16 17 18 | 18.5
Invocations    | 3 5 8 9 11 13 15 18 20 21 22 23 | 23.0
Evocations     | 2 5 6 9 10 | 10.0
Shields        | 8 10 11 13 15 17 18 20 | 20.8
Dodging        | 7 8 10 | 10.0
Throwing       | 7 8 10 | 10.0
Stealth        | |  2.6

Action                   |  1- 3 |  4- 6 |  7- 9 | 10-12 | 13-15 | 16-18 | 19-21 | 22-24 | 25-27 || total
-------------------------+-------+-------+-------+-------+-------+-------+-------+-------+-------++-------
Melee: Whip              |    79 |   136 |   114 |       |       |       |       |       |       ||   329
       Headbutt          |     9 |    18 |    49 |   140 |   320 |   226 |   252 |   149 |   214 ||  1377
       Hand axe          |       |       |    21 |       |       |       |       |       |       ||    21
       Flail             |       |       |   160 |   334 |   437 |   258 |       |       |       ||  1189
       War axe           |       |       |       |   619 |  1139 |       |       |       |       ||  1758
       Broad axe         |       |       |       |       |       |   831 |   865 |   507 |   715 ||  2918
 Fire: Blowgun           |       |    31 |    46 |    29 |    19 |       |       |       |       ||   125
Throw: Javelin           |       |       |       |     1 |    19 |     8 |    44 |    13 |    80 ||   165
       Tomahawk          |       |       |       |       |       |    16 |    38 |       |       ||    54
Invok: Minor Destruction |       |       |     7 |     7 |     6 |       |       |       |       ||    20
       Major Destruction |       |       |       |     3 |    14 |    10 |     4 |     2 |     3 ||    36
       Hew               |       |       |       |       |     9 |     6 |     4 |     1 |       ||    20
       Greater Servant o |       |       |       |       |       |     3 |     4 |     5 |    11 ||    23
 Abil: Evoke Invisibilit |       |       |     1 |     9 |       |       |       |       |       ||    10
       Evoke Flight      |       |       |       |       |     1 |     1 |     1 |       |       ||     3
Evoke: Wand              |       |       |     2 |     8 |    16 |     8 |     2 |     4 |     3 ||    43
  Use: Scroll            |       |     6 |     9 |     5 |    12 |     6 |     2 |    12 |     7 ||    59
       Potion            |       |     3 |     3 |     1 |     7 |     3 |     1 |     3 |     9 ||    30
 Stab: Sleeping          |     1 |       |     1 |     2 |       |       |       |       |       ||     4
       Paralysed         |       |       |     5 |    12 |       |       |       |       |     2 ||    19
       Invisible         |       |       |       |    11 |    12 |       |       |       |    30 ||    53
       Distracted        |       |       |       |       |       |     1 |     1 |    11 |     5 ||    18
       Confused          |       |       |       |       |       |       |       |       |     1 ||     1
  Eat: Chunk             |     4 |    11 |    18 |    41 |    55 |    36 |    39 |    18 |    19 ||   241
       Ration            |       |       |     1 |     3 |     6 |     3 |     2 |     2 |     4 ||    21
Armor: Robe              |     3 |       |       |       |       |       |       |       |       ||     3
       Ring mail         |    27 |    49 |    11 |       |       |       |       |       |       ||    87
       Skin              |       |    16 |       |       |       |       |       |       |       ||    16
       Scale mail        |       |       |    50 |       |       |       |       |       |       ||    50
       Leather armour    |       |       |    42 |   142 |       |       |       |       |       ||   184
       Plate armour      |       |       |       |   207 |   703 |   324 |   344 |    19 |       ||  1597
       Iron dragon scale |       |       |       |       |       |       |       |   194 |   328 ||   522
Dodge: Dodged            |    66 |    71 |   158 |   296 |   192 |   126 |   119 |    34 |    62 ||  1124
Block: Other             |       |    12 |    64 |    85 |       |       |       |       |       ||   161
       Reflection        |       |       |     8 |     1 |    60 |   166 |   107 |    51 |     6 ||   399
       Medium shield     |       |       |       |   412 |  1278 |   698 |       |       |       ||  2388
       Large shield      |       |       |       |       |       |   232 |  1282 |   771 |   897 ||  3182

Levels and vault maps discovered:
D:1:      mainiacjoe_arrival_reflecting_pool, layout_basic
D:2:      layout_basic, grunt_gozag_statues, kennysheep_cross_bottleneck,
          st_stairs_12
D:3:      layout_basic, lemuel_doored_altar, nicolae_yredelemnul_corpse_copse,
          gammafunk_temple_overflow_wave
D:4:      layout_basic, serial_shops, nicolae_shop_stone, first_ration,
          serial_bayou_crossing, uniq_ijyb
D:5:      layout_loops_corners, lemuel_round_altar,
          nicolae_overflow_hidden_temple, uniq_sigmund, uniq_prince_ribbit1
D:6:      layout_rooms, fedhas_altar_4, serial_shops, kennysheep_mini
D:7:      layout_loops_corners, nicolae_hepliaklqana_monster_ancestors,
          lemuel_coloured_pillars_altar, marbit_many_paths,
          minmay_temple_entry_mist, david_lair_shrubbed, serial_shops, shop,
          gammafunk_ghost_grave
D:8:      layout_basic, slow_altar_2, lemuel_crystal_altar, serial_shops, shop,
          uniq_grum
D:9:      layout_rooms
D:10:     layout_loops_ring, erik_orc_4, blue_anna_alchemist
          [blue_anna_fruit_fields, blue_anna_fruit_fields], bh_circular_ruins,
          uniq_psyche
D:11:     layout_gridville, serial_shops, shop, uniq_erolcha, uniq_kirke
D:12:     hangedman_depths_entry_try_elsewhere_first, layout_loops_corners,
          erik_vaults_1, hangedman_abyss_or_decor_passed, gammafunk_ghost_grave,
          basic_altar, amcnicky_mini_pool_small, st_stairs_14
Lair:1:   cheibrodos_lair_river_kwai, layout_gridlike, kennysheep_rathole
Lair:2:   layout_hall_layers, minmay_shoals_entry_beasts, lemuel_fruit_fields
Lair:3:   layout_regular_city, ebering_ghost_xom
Lair:4:   layout_layer_cave, nicolae_swamp_entry_splash_gauntlet,
          cheibrodos_lair_reptile_den
Lair:5:   layout_regular_city, grunt_megastairs_3
Lair:6:   evilmike_catoblepas_cave, layout_small_grid
Swamp:1:  layout_falls_marsh, evilmike_swamp_ruin_house_1
Swamp:2:  cheibrodos_swamp_tower_of_moss, layout_falls_marsh,
          evilmike_swamp_ruin_house_2
Swamp:3:  byrel_swamp_growth_death_and_undeath, layout_basic_swamp, swamp_pool5,
          nicolae_swamp_dense_foliage
Shoals:1: layout_shoals, serial_shops, nicolae_shop_crystal,
          nicolae_shoals_aquamancer_cove
Shoals:2: layout_shoals, gammafunk_ghost_grave, uniq_ilsuiw
Shoals:3: shoals_end_grunt_ice, layout_shoals, shoals_ilsuiw_ice, serial_shops,
          shop, portal_ice_cave_entry_frozen_things, uniq_donald
Orc:      grunt_orc_cross, layout_caves, minmay_slime_entry_oklob_open,
          gauntlet_entry_generic, uniq_azrael
Elf:1:    nicolae_elf_arrival_dilemma, layout_geoelf_grid,
          hangedman_corner_corridor, patterned_corridor, minmay_shoptagon
Elf:2:    nicolae_elf_blades_splatter_lattice
          [nicolae_blade_entry_area_security], layout_geoelf_grid, serial_shops,
          shop, uniq_nikola
Vaults:1: gammafunk_vaults_ghost_fury_of_okawaru, st_cells,
          vaults_room_door_hall, v_misc_18, grunt_vaults_focal,
          vaults_room_grid, vaults_room_pools, nicolae_vaults_network_square,
          hangedman_vaults_nodes, v_misc_12, nicolae_vaults_little_squares_3,
          v_misc_30, layout_vaults_big_cross, serial_shops, shop, uniq_asterion
Vaults:2: nicolae_vaults_diagonal_hallway_8, ontoclasm_vaults_chip, v_misc_25,
          v_alt_pattern_1, minmay_crypt_entry_simple_corners, v_misc_24,
          vaults_dpeg_encased_lava, ontoclasm_vaults_decontamination,
          st_more_cells, layout_vaults_quadrants, serial_shops, shop,
          uniq_margery
Vaults:3: serial_shops, uniq_xtahua
Depths:1: layout_big_octagon, hell_entry, minmay_door_square,
          hangedman_abyss_or_decor_clamps, minmay_holes,
          chequers_serial_rivers_micro_e, minmay_fractal_squares_diagonal_5,
          minmay_shop_star
Depths:2: minmay_connected_boxes_in_corner, layout_gridville,
          chequers_big_river, hellmouth_3, glass_columns_b, lightli_gold_pyramid
Depths:3: minmay_ornate_pinched, layout_basic, abyss_entry, hell_entry,
          pan_entry
Depths:4: minmay_the_grid_square_5x5_4x4_mashed
          [minmay_the_grid_square_5x5_slash,
          minmay_the_grid_square_5x5_shuriken,
          minmay_the_grid_square_5x5_misaligned,
          minmay_the_grid_square_5x5_seven, minmay_the_grid_square_5x5_eight,
          minmay_the_grid_square_5x5_prize_open,
          minmay_the_grid_square_5x5_prize_itemx,
          minmay_the_grid_square_5x5_beaten_path,
          minmay_the_grid_square_5x5_comb,
          minmay_the_grid_square_5x5_prize_pseudospiral,
          minmay_the_grid_square_5x5_prize_junk, minmay_the_grid_square_5x5_two,
          minmay_the_grid_square_5x5_bracketed,
          minmay_the_grid_square_5x5_sharp_hourglass,
          minmay_the_grid_square_5x5_meh, minmay_the_grid_square_5x5_corner],
          layout_gridlike, enter_ziggurat_e, hell_entry,
          abyss_entry_small_statue_room, rand_demon_pan_entry_4,
          nicolae_figureground_pulse, serial_shops, nicolae_shop_waterfront,
          minmay_shop_grove
Depths:5: grunt_x_marks_the_spot, layout_honeycomb, abyss_entry, hellmouth_1
Zot:1:    layout_gridlike
Zot:2:    layout_gridlike, grunt_megastairs_2
Zot:3:    kennysheep_ambush_hall, layout_onion_interference,
          grunt_ministairs_12, st_single_dragon_hoard_1, st_stairs_8
Zot:4:    layout_gridlike
Zot:5:    layout_cathedral_of_symmetry, bh_zot_ikea_curve, grunt_ministairs_13,
          st_stairs_7, nicolae_transmutations_shop, lemuel_golem_globe

Table legend:
 A = Turns spent in this place as a percentage of turns spent in the entire game.
 B = Non-inter-level travel turns spent in this place as a percentage of non-inter-level travel turns spent in the entire game.
 C = Inter-level travel turns spent in this place as a percentage of turns spent in this place.
 D = Turns resting spent in this place as a percentage of non-inter-level travel turns spent in this place.
 E = Turns spent auto-exploring this place as a percentage of non-inter-level travel turns spent in this place.
 F = Non-inter-level travel turns spent in this place divided by the number of levels of this place that you've seen.
                   A       B       C       D       E      F
               +-------+-------+-------+-------+-------+----------------------
         Total | 100.0 | 100.0 |  10.9 |  10.7 |  62.0 | 972.5
       Dungeon |  30.9 |  29.0 |  16.3 |  10.2 |  67.5 | 1153.1
          Lair |  20.5 |  21.0 |   8.8 |  18.7 |  58.2 | 1666.8
         Swamp |   5.0 |   5.3 |   4.5 |   0.1 |  75.9 | 849.7
        Shoals |   7.9 |   8.7 |   2.5 |  12.0 |  54.4 | 1377.0
  Orcish Mines |   2.1 |   2.2 |   7.7 |   0.7 |  63.7 | 1036.0
   Elven Halls |   4.8 |   4.4 |  17.7 |   0.0 |  73.8 | 1054.0
        Vaults |  10.4 |  10.8 |   7.6 |   5.4 |  68.1 | 1713.3
        Depths |  12.6 |  12.4 |  12.2 |   1.4 |  72.3 | 1182.2
           Zot |   3.8 |   4.0 |   8.2 |  35.6 |   6.9 | 377.8
      Ziggurat |   0.9 |   1.0 |   0.0 |   8.2 |  17.9 |  60.9
      Ice Cave |   1.1 |   1.2 |   0.0 |  45.9 |   0.0 | 564.0
               +-------+-------+-------+-------+-------+----------------------

Table legend:
 A = Kills in this place as a percentage of kills in entire the game.
 B = Kills by you in this place as a percentage of kills by you in the entire game.
 C = Kills by friends in this place as a percentage of kills by friends in the entire game.
 D = Other kills in this place as a percentage of other kills in the entire game.
 E = Experience gained in this place as a percentage of experience gained in the entire game.
 F = Experience gained in this place divided by the number of levels of this place that you have seen.
                   A       B       C       D       E      F
               +-------+-------+-------+-------+-------+----------------------
         Total | 100.0 | 100.0 | 100.0 | 100.0 | 100.0 | 28503.7
       Dungeon |  19.6 |  20.9 |   0.0 |   0.0 |   4.4 | 5123.0
          Lair |  10.3 |  11.1 |   0.0 |   0.0 |   4.0 | 9355.8
         Swamp |   8.8 |   9.4 |   0.0 |   0.0 |   6.4 | 29849.7
        Shoals |   7.6 |   7.6 |   0.0 |  21.6 |   5.8 | 27202.7
  Orcish Mines |   4.0 |   4.0 |   3.9 |   2.7 |   1.0 | 14246.0
   Elven Halls |   5.3 |   5.6 |   0.0 |   2.7 |   4.7 | 32755.5
        Vaults |  16.0 |  15.1 |  28.6 |  32.4 |  19.9 | 92548.0
        Depths |  16.7 |  15.8 |  27.3 |  32.4 |  24.3 | 67756.2
           Zot |   7.6 |   7.0 |  19.5 |   8.1 |  24.3 | 67930.6
      Ziggurat |   3.0 |   2.4 |  15.6 |   0.0 |   4.6 | 8031.9
      Ice Cave |   1.2 |   1.1 |   5.2 |   0.0 |   0.6 | 7823.0
               +-------+-------+-------+-------+-------+----------------------
